 Dungeon Crawl Stone Soup version 0.24.0-125-gc4c63601f3 (webtiles) character file.

Game seed: 1743779350515961272, levelgen mode: deterministic

24 Amplified the Ducker (level 2, 0/24 HPs)
             Began as a Minotaur Earth Elementalist on Mar 14, 2020.
             Succumbed to a kobold's poison
             ... on level 1 of the Dungeon.
             The game lasted 00:01:10 (455 turns).

Amplified the Ducker (Minotaur Earth Elementalist)   Turns: 455, Time: 00:01:11

Health: 0/24       AC: 14    Str: 12    XL:     2   Next: 79%
Magic:  0/3        EV:  3    Int: 12    God:
Gold:   21         SH:  0    Dex: 10    Spells: 2/3 levels left

rFire    . . .     SeeInvis .   (no weapon)
rCold    . . .     Gourm    .   (no shield)
rNeg     . . .     Faith    .   f - +0 plate armour
rPois    .         Spirit   .   (helmet restricted)
rElec    .         Reflect  .   (no cloak)
rCorr    .         Harm     .   (no gloves)
MR       .....                  (no boots)
Stlth    ..........             (no amulet)
HPRegen  0.08/turn              e - +4 ring of protection
MPRegen  0.08/turn              (no ring)

@: lethally poisoned (0 -> -44), very slightly contaminated
A: retaliatory headbutt, horns 2
a: no special abilities


You were on level 1 of the Dungeon.
You were not hungry.

You visited 1 branch of the dungeon, and saw 1 of its levels.

You collected 21 gold pieces.

Inventory:

Missiles
 b - 41 stones (quivered)
Armour
 c - a +0 robe
 f - a +0 plate armour (worn)
Jewellery
 e - a +4 ring of protection (left hand)
Scrolls
 h - a scroll of amnesia
Comestibles
 a - 3 chunks of flesh
 d - a ration


   Skills:
 * Level 2.1 Fighting
 + Level 1.2 Armour
 + Level 2.6 Dodging
 - Level 1.5 Stealth
 - Level 1.3 Spellcasting
   Level 0.7 Transmutations
 - Level 2.4 Earth Magic


You had 2 spell levels left.
You knew the following spells:

 Your Spells              Type           Power        Failure   Level  Hunger
a - Sandblast             Erth           #.....       100%        1    ##.....

Your spell library contained the following spells:

 Spells                   Type           Power        Failure   Level  Hunger
 Passwall                 Tmut/Erth      #.......     100%        2    ###....
 Stone Arrow              Conj/Erth      #.....       100%        3    ####...
 Petrify                  Tmut/Erth      #.......     100%        4    #####..
 Lee's Rapid Deconstruct  Erth           #.........   100%        5    ######.


Dungeon Overview and Level Annotations

Branches:
Dungeon (1/15)

Altars:


Innate Abilities, Weirdness & Mutations

You reflexively headbutt those who attack you in melee.
You have a pair of horns on your head.


Message History

You aren't carrying any potions.
Unknown command.
You hit the kobold.
The kobold is severely wounded.
You feel sick. The kobold hits you but does no damage.
You hit the kobold but do no damage.
The kobold is severely wounded.
* * * LOW HITPOINT WARNING * * *
You feel sick. The kobold hits you but does no damage.
You are more poisoned.
Unknown command.
You closely miss the kobold.
The kobold is severely wounded.
* * * LOW HITPOINT WARNING * * *
You feel very sick. The kobold hits you but does no damage.
You are more poisoned.
You hit the kobold.
You kill the kobold!
You die...

.. ################### ..
#.................## .. ######
#.########.........# #.###....#
#.# #.........### ....#.##.# #.#
#............ #..#...#.###.#
#............
#..#...$..##.########............
.............lg)@...+............
#..#).....##.########.........#..
................. +.........+..
#########.##.#### #.........##.
....### #.##.# #############
......# #.##.# # ......# #.##.# #
......# #.##.# ########
......###.##.# ###+#+####.......


You could see a goblin and a frilled lizard.

Vanquished Creatures
  2 leopard geckos (D:1)
  2 giant cockroaches (D:1)
  4 goblins (D:1)
  7 jackals (D:1)
  A bat (D:1)
  2 kobolds (D:1)
18 creatures vanquished.

Notes
Turn   | Place    | Note
-------+----------+-------------------------------------------
     0 | D:1      | Amplified the Minotaur Earth Elementalist began the quest
                  | for the Orb.
     0 | D:1      | Reached XP level 1. HP: 14/14 MP: 1/1
   157 | D:1      | Reached skill level 1 in Fighting
   225 | D:1      | Reached XP level 2. HP: 15/23 MP: 0/3
   248 | D:1      | Reached skill level 1 in Armour
   455 | D:1      | Succumbed to a kobold's poison

Levels and vault maps discovered:
D:1:      scummos_arrival_checkerplants, layout_basic

Skill      XL: |  1  2 |
---------------+-------+-----
Fighting       | 1 2 |  2.1
Armour         | 1 |  1.2
Dodging        | |  2.6
Stealth        | |  1.5
Spellcasting   | |  1.3
Transmutations | |  0.7
Earth Magic    | |  2.4

Action                   || total
-------------------------++-------
Melee: Unarmed           ||    60
       Headbutt          ||    12
Throw: Stone             ||     1
 Cast: Sandblast         ||     2
  Use: Scroll            ||     1
 Stab: Sleeping          ||     2
Armor: Robe              ||    16
       Plate armour      ||    12
Dodge: Dodged            ||    26
